 Dungeon Crawl Stone Soup version 0.29-a0-322-g68df515428 (webtiles) character file.

Game seed: 9497275550493037430

387998 Laraso the Black Belt (level 21, -2/291 HPs)
             Began as a Black Draconian Transmuter on Apr 6, 2022.
             Was an Initiate of Gozag.
             Slain by an iron giant
             ... wielding a +0 giant club
              (57 damage)
             ... on level 2 of the Depths.
             The game lasted 01:48:24 (55226 turns).

Laraso the Black Belt (Black Draconian Transmuter) Turns: 55226, Time: 01:48:24

Health: -2/291     AC: 25    Str: 22    XL:     21   Next: 69%
Magic:  0/33       EV: 18    Int: 18    God:    Gozag
Gold:   8968       SH:  0    Dex: 19    Spells: 2/36 levels left

rFire   + . .      SeeInvis .     - Unarmed
rCold   . . .      Faith    .   (shield currently unavailable)
rNeg    + . .      Spirit   +   (body armour unavailable)
rPois   +          Reflect  .   (helmet currently unavailable)
rElec   +          Harm     .   (cloak currently unavailable)
rCorr   .          Rampage  .   (gloves currently unavailable)
Will    ++...                   (boots currently unavailable)
Stlth   +++.......              c - amulet "Ofous" {Spirit Will+ Regen+ Stlth+}
HPRegen 1.38/turn               q - +4 ring of protection
MPRegen 0.23/turn               O - ring "Liazi" {rF+ rN+ Str-3 Dex+3 Slay+3}

@: dragon-form, wereblooded, gold aura, flying
A: dragon claw, dragon scales, flying, boosted hp, breathe lightning, AC +11,
giant, unfitting armour, (big wings), electricity resistance, (cold-blooded),
screaming 1
}: 3/15 runes: serpentine, barnacled, silver
a: Breathe Lightning, End Transformation, Renounce Religion, Potion Petition,
Call Merchant, Bribe Branch


You were on level 2 of the Depths.
You worshipped Gozag.
Gozag was greatly pleased with you.
You were a fearsome storm dragon!
You visited 8 branches of the dungeon, and saw 39 of its levels.
You also visited: Ice Cave and Volcano.

You collected 20090 gold pieces.
You spent 1724 gold pieces at shops.
You paid 9398 gold pieces to Gozag.

Inventory:

Missiles
 x - 12 throwing nets
Armour
 e - a +2 pair of gloves (melded)
 J - a +2 cloak (melded)
 R - a +2 pair of boots of rampaging (melded)
Jewellery
 c - the amulet "Ofous" (around neck) {Spirit Will+ Regen+ Stlth+}
   (You acquired it on level 6 of the Lair of Beasts)

   [amulet of guardian spirit]

   It causes incoming damage to be divided between your reserves of health and
   magic.
   Regen:     It increases your rate of health regeneration.
   Will:      It increases your willpower.
   Stlth:     It makes you more stealthy.
 g - a ring of protection from fire
 h - a +6 ring of dexterity
 q - a +4 ring of protection (left foreclaw)
 y - a ring of wizardry
 z - a +6 ring of intelligence
 B - a ring of protection from cold
 G - a +6 ring of strength
 O - the ring "Liazi" (right foreclaw) {rF+ rN+ Str-3 Dex+3 Slay+3}
   (You acquired it on level 1 of the Depths)

   [ring of positive energy]

   Str:       It affects your strength (-3).
   Dex:       It affects your dexterity (+3).
   Slay:      It affects your accuracy & damage with ranged weapons and melee
   (+3).
   rF:        It protects you from fire.
   rN:        It protects you from negative energy.
 Q - a +4 ring of evasion
 T - the ring of the Teaching Hero {Wiz Fly rC+}
   (You found it on level 1 of the Depths)

   [ring of wizardry]

   It improves your spell success rate.
   rC:        It protects you from cold.
   Fly:       It grants you flight.
Wands
 a - a wand of acid (34)
 d - a wand of paralysis (25)
 f - a wand of charming (23)
 j - a wand of polymorph (24)
 m - a wand of digging (17)
 s - a wand of mindburst (18)
 u - a wand of flame (41)
 A - a wand of iceblast (63)
Scrolls
 i - 11 scrolls of teleportation
 k - 6 scrolls of fog
 p - 7 scrolls of amnesia
 w - 3 scrolls of holy word
 E - a scroll of enchant armour
 K - 2 scrolls of silence
 P - a scroll of magic mapping
 S - a scroll of fear
Potions
 b - 5 potions of cancellation
 l - 6 potions of resistance
 n - 6 potions of might
 o - 6 potions of brilliance
 r - 3 potions of attraction
 t - 10 potions of mutation
 v - 15 potions of curing
 C - 7 potions of magic
 D - 3 potions of lignification
 F - 9 potions of heal wounds
 H - 6 potions of haste
 I - 2 potions of flight
 L - 4 potions of ambrosia
 M - 3 potions of berserk rage
 N - a potion of invisibility


   Skills:
 - Level 18.0 Fighting
 * Level 17.8 Dodging
 - Level 20.0 Unarmed Combat
 - Level 8.0 Spellcasting
 - Level 3.0 Translocations
 - Level 17.0 Transmutations
 - Level 8.0 Ice Magic
 - Level 17.0 Air Magic
 - Level 4.0 Earth Magic
 - Level 3.0 Poison Magic


You had 2 spell levels left.
You knew the following spells:

 Your Spells              Type           Power      Damage    Failure   Level
a - Wereblood             Tmut           62%        N/A       0%          2
b - Blink                 Tloc           36%        N/A       4%          2
d - Ice Form              Ice/Tmut       51%        N/A       1%          4
e - Ozocubu's Armour      Ice            36%        N/A       1%          3
f - Blade Hands           Tmut           31%        N/A       1%          5
p - Petrify               Tmut/Erth      45%        N/A       1%          4
r - Dragon Form           Tmut           31%        N/A       8%          7
v - Storm Form            Tmut/Air       31%        N/A       8%          7

Your spell library contained the following spells:

 Spells                   Type           Power      Damage    Failure   Level
 Beastly Appendage        Tmut           100%       N/A       0%          1
 Sandblast                Erth           42%        2d11      1%          1
 Passwall                 Tmut/Erth      37%        N/A       1%          2
 Static Discharge         Conj/Air       37%        N/A       1%          2
 Apportation              Tloc           36%        N/A       2%          1
 Animate Skeleton         Necr           14%        N/A       10%         1
 Magic Dart               Conj           28%        1d4       10%         1
 Pain                     Necr           28%        1d5       10%         1
 Summon Small Mammal      Summ           28%        N/A       10%         1
 Call Imp                 Summ           7%         N/A       14%         2
 Scorch                   Fire           14%        2d6       14%         2
 Searing Ray              Conj           14%        2d5       14%         2
 Sublimation of Blood     Necr           7%         N/A       14%         2
 Frozen Ramparts          Ice            72%        1d9       1%          3
 Ignite Poison            Fire/Tmut/Pois 31%        N/A       1%          3
 Mephitic Cloud           Conj/Pois/Air  31%        N/A       1%          3
 Spider Form              Tmut/Pois      43%        N/A       1%          3
 Swiftness                Air            62%        N/A       1%          3
 Alistair's Intoxication  Tmut/Pois      28%        N/A       4%          5
 Lesser Beckoning         Tloc           18%        N/A       9%          3
 Freezing Cloud           Conj/Ice/Air   18%        6-21      9%          5
 Irradiate                Conj/Tmut      18%        3d19      9%          5
 Lightning Bolt           Conj/Air       18%        1d33      9%          5
 Silence                  Hex/Air        18%        N/A       9%          5
 Yara's Violent Unravell  Hex/Tmut       18%        3d9       9%          5
 Stone Arrow              Conj/Erth      28%        3d8       13%         3
 Portal Projectile        Hex/Tloc       24%        N/A       16%         3
 Summon Ice Beast         Ice/Summ       21%        N/A       19%         4
 Statue Form              Tmut/Erth      30%        N/A       21%         6
 Eringya's Noxious Bog    Tmut/Pois      21%        N/A       24%         6
 Call Canine Familiar     Summ           7%         N/A       28%         3
 Dazzling Flash           Conj/Hex       14%        N/A       28%         3
 Tukima's Dance           Hex            7%         N/A       28%         3
 Vampiric Draining        Necr           7%         2d6       28%         3
 Passage of Golubria      Tloc           18%        N/A       28%         4
 Leda's Liquefaction      Hex/Erth       7%         N/A       38%         4
 Conjure Ball Lightning   Conj/Air       18%        3x3d6     41%         6
 Iskenderun's Mystic Bla  Conj/Tloc      12%        2d5       45%         4
 Lee's Rapid Deconstruct  Erth           10%        3d9*      45%         5
 Maxwell's Capacitive Co  Air            31%        ∞         52%         8
 Manifold Assault         Tloc           18%        N/A       61%         5
 Animate Dead             Necr           3%         N/A       67%         4
 Flame Wave               Conj/Fire      7%         2d5       67%         4
 Fulminant Prism          Conj/Hex       3%         3d6       67%         4
 Borgnjor's Vile Clutch   Necr/Erth      7%         N/A       75%         5
 Excruciating Wounds      Necr           3%         N/A       95%         5
 Ozocubu's Refrigeration  Ice            18%        4d8       97%         7
 Dispersal                Tloc           9%         N/A       99%         6
 Starburst                Conj/Fire      3%         6d3       100%        6
 Summon Cactus Giant      Summ           3%         N/A       100%        6
 Haunt                    Necr/Summ      3%         N/A       100%        7
 Malign Gateway           Summ/Tloc      6%         N/A       100%        7
 Summon Hydra             Summ           3%         N/A       100%        7
 Disjunction              Tloc           9%         N/A       100%        8
 Infestation              Necr           3%         N/A       100%        8
 Lehudib's Crystal Spear  Conj/Erth      7%         10d3      100%        8
 Summon Horrible Things   Summ           3%         N/A       100%        8


Dungeon Overview and Level Annotations

Branches:
Dungeon (15/15)            Temple (1/1) D:6            Lair (6/6) D:10
 Shoals (4/4) Lair:3        Snake (4/4) Lair:2          Orc (2/2) D:9
    Elf (0/3) Orc:2        Vaults (5/5) D:14          Crypt (0/3) Vaults:2
 Depths (2/4) D:15          IceCv (visited)         Volcano (visited)
  Slime: Lair:5-6

Altars:
Ashenzari
Dithmenos
Elyvilon
Fedhas
Gozag
Hepliaklqana
Kikubaaqudgha
Makhleb
Nemelex Xobeh
Okawaru
Qazlal
Ru
Sif Muna
Trog
Uskayaw
Vehumet
Wu Jian
Xom
Yredelemnul
Zin
The Shining One

Shops:
D:3 !   D:12 [*   D:14 *   Orc:2 =[((*   Lair:5 ?   Snake:1 =:=   Snake:2 *:?**
Snake:3 [   Vaults:1 [[   Vaults:4 (

Portals:
Hell: Depths:1
Abyss: D:6
Wizlab: Depths:2

Annotations:
D:6 2 transporters, CowFu's ghost, novice GrFi
D:10 1 runed translucent door, sizableburger's ghost, journeyman DrGl
Lair:1 exclusion: oklob plant
Lair:6 3 runed translucent doors, exclusion: 2 oklob plants, pigah's ghost, journeyman OpAE
Shoals:3 2 transporters, Gal Jyir's ghost, veteran DjCj
Vaults:1 1 transporter
Depths:1 1 runed translucent door


Innate Abilities, Weirdness & Mutations

You are a fearsome storm dragon!
You have a powerful clawing attack.
Your giant scaled body is strong and resiliant, but less evasive.
Your breath weapon is enhanced in this form.
You are flying.
Your maximum health is greatly increased.
Your armour is entirely melded.
You are incapable of wielding weapons or throwing items.
You can breathe wild blasts of lightning.
Your glossy black scales are hard. (AC +11)
You cannot fit into any form of body armour.
((Your large and strong wings let you fly.))
You are resistant to electric shocks. (rElec)
((You are cold-blooded and may be slowed by cold attacks.))
You occasionally shout uncontrollably at your foes.


Message History

The iron giant hits you with a +0 giant club!!!
The four-headed hydra roars!
Unknown command.
As you read the scroll of fear, it crumbles to dust.
You assume a fearsome visage.
The four-headed hydra resists with almost no effort.
The iron giant resists with almost no effort.
The eight-headed hydra looks frightened!
The 12-headed hydra looks frightened!
The nine-headed hydra looks frightened!
The fire dragon looks frightened!
The nine-headed hydra is engulfed in a cloud of scalding steam.
The iron giant hits you with a +0 giant club!!
Unknown command.
You maul the iron giant!!!
You bite the iron giant, but do no damage.
The iron giant is heavily wounded.
Unknown command.
You hit the iron giant but do no damage.
You tail-slap the iron giant, but do no damage.
You bite the iron giant, but do no damage.
The iron giant is heavily wounded.
The iron giant hits you with a +0 giant club!
Unknown command.
You maul the iron giant!!!
You tail-slap the iron giant.
The iron giant is severely wounded.
You hear a shout!
The iron giant points at you and mumbles some strange words.
The iron shot hits you!!!
* * * LOW HITPOINT WARNING * * *
Unknown command.
You bite the iron giant!!
You tail-slap the iron giant, but do no damage.
You claw the iron giant.
The iron giant is almost dead.
Unknown command.
You claw the iron giant!
The iron giant is almost dead.
The iron giant hits you with a +0 giant club!!!
You die...
Your body crumbles into a pile of gold.

#...#...#............#
#...#..#.............+
.......#.#.).........#
......#..'.D.[.......#
.###....##...........##
.#
#...###............##
## #####
#......$......# #
#.......≈≈...≈. #
#######D≈..≈≈DD #
##C≈8###8 # ≈.#.≈≈# #
≈≈#.≈≈#


DD# .≈# ≈≈D .≈ ..#≈ ≈.#≈ You could see an iron giant, a fire dragon (fleeing), a
12-headed hydra (fleeing), a 11-headed hydra, a nine-headed hydra (fleeing), an
eight-headed hydra (fleeing) and a four-headed hydra.

Vanquished Creatures
  A dread lich (Vaults:5)
  Saint Roka (Snake:3)
  A golden dragon (Vaults:5)
  Rupert (Orc:2)
  A lich (Depths:1)
  Jorgrun (D:12)
  A tentacled monstrosity (Vaults:5)
  2 titans
  Asterion (Snake:1)
  Frances (D:12)
  4 quicksilver dragons
  A sphinx (Vaults:3)
  A storm dragon (Vaults:5)
  4 shadow dragons (Vaults:5)
  A tengu reaver (Vaults:5)
  A fire giant (Depths:2)
  7 nagarajas
  5 orc warlords
  Ilsuiw (Shoals:3)
  5 frost giants
  9 vault wardens
  Aizul (Snake:3)
  2 iron dragons
  A spriggan defender (Depths:1)
  The ghost of Pooter the Severer, a journeyman MiMo of Makhleb (D:13)
  A reaper (IceCv)
  7 stone giants
  6 very ugly things
  18 ironbound preservers
  4 ironbound thunderhulks
  Azrael (D:15)
  9 dire elephants
  6 entropy weavers
  3 spark wasps (Depths:1)
  A deep elf death mage (Vaults:3)
  7 ettins
  6 merfolk javelineers
  2 deep elf high priests (Vaults:5)
  Snorg (D:12)
  13 yaktaur captains
  7 merfolk impalers
  9 great orbs of eyes
  5 fire dragons
  14 naga warriors
  The ghost of Darius099 the Basher, a journeyman GrFi of Okawaru (D:13)
  6 hydras
  7 boulder beetles
  7 ironbound frosthearts
  A rakshasa (Depths:1)
  Erolcha (D:9)
  2 ice dragons
  13 anacondas
  4 merfolk avatars
  23 vault guards
  15 two-headed ogres
  2 ogre magi
  A catoblepas (D:14)
  2 death knights (Vaults:2)
  19 centaur warriors
  3 satyrs
  3 alligator snapping turtles
  5 tengu warriors
  5 death yaks (Lair:6)
  9 merfolk aquamancers
  3 deep troll earth magi
  A shock serpent (Snake:4)
  17 naga sharpshooters
  7 orc high priests (Orc:2)
  Nergalle (D:12)
  3 spriggan berserkers
  Sonja (Orc:1)
  2 skeletal warriors (Volcano)
  An iron troll (Depths:1)
  2 salamander mystics
  A goliath frog (shapeshifter) (Vaults:5)
  20 sea snakes
  Lodul (D:12)
  A glowing orange brain (Vaults:2)
  4 naga ritualists
  59 deep trolls
  6 lindwurms
  4 phantasmal warriors
  3 anaconda skeletons (Volcano)
  18 ironbound convokers
  10 wizards
  23 harpies
  3 orc sorcerers
  38 ugly things
  3 oklob plants
  A necromancer (Depths:1)
  13 fauns
  18 orc knights
  5 deep elf pyromancers
  10 mana vipers
  11 salamanders
  12 manticores
  17 slime creatures
  9 cyclopes
  11 elephants
  4 guardian serpents
  33 black mambas
  15 vault sentinels
  13 water nymphs
  A torpor snail (Lair:6)
  12 merfolk sirens
  13 naga magi
  2 ice statues (IceCv)
  18 cane toads
  5 gargoyles (Volcano)
  An unseen horror (D:9)
  2 freezing wraiths
  36 yaktaurs
  Psyche (D:12)
  8 ice devils
  6 komodo dragons
  2 tengu conjurers
  An efreet (D:12)
  2 entropy weaver simulacra (IceCv)
  3 meliai (D:14)
  45 merfolk
  A polar bear (Lair:4)
  4 tyrant leeches (Lair:6)
  4 wind drakes
  A wind drake (shapeshifter) (Depths:2)
  7 trolls
  A blink frog (shapeshifter) (Vaults:5)
  3 hornets (shapeshifter)
  2 tarantellas (Vaults:2)
  A harpy skeleton (Volcano)
  13 blink frogs
  13 snapping turtles
  7 dream sheep (Lair:4)
  A centaur simulacrum (D:15)
  3 flying skulls (Volcano)
  2 alligator skeletons (Volcano)
  A jumping spider (Vaults:4)
  15 water elementals
  A culicivora (Vaults:2)
  A dire elephant simulacrum (IceCv)
  A vampire (D:13)
  6 wyverns
  A shadow (D:10)
  4 basilisks
  2 steam dragons
  18 yaks
  A wraith (D:11)
  3 fire bats (Lair:5)
  3 fire elementals (D:15)
  A redback (shapeshifter) (Depths:1)
  2 basilisks (shapeshifter)
  5 redbacks
  9 vampire mosquitoes
  A redback simulacrum (D:15)
  48 nagas
  7 wargs
  2 acid dragons (D:9)
  16 water moccasins
  4 hell hounds (D:15)
  28 orc warriors
  3 ice beasts
  A sky beast (D:6)
  A black bear (Lair:5)
  A sky beast (shapeshifter) (D:13)
  11 ogres
  16 wolves
  7 centaurs
  3 phantoms (D:6)
  14 bullfrogs
  8 gnoll sergeants
  5 scorpions
  2 cane toad simulacra (IceCv)
  4 two-headed ogre simulacra (IceCv)
  12 wights
  2 elephant simulacra (IceCv)
  12 killer bees
  6 spriggan skeletons
  4 electric eels
  3 howler monkeys
  3 troll skeletons
  2 jellies
  3 gnoll shamans
  3 hounds
  17 orc priests
  2 iguanas (D:6)
  An iron imp (D:7)
  26 orc wizards
  A polar bear simulacrum (IceCv)
  4 spriggan simulacra (IceCv)
  2 troll simulacra (IceCv)
  A wolf simulacrum (IceCv)
  2 naga skeletons (Volcano)
  2 adders (D:3)
  28 gnolls
  A naga simulacrum (IceCv)
  2 shadow imps
  3 white imps
  2 ufetubi
  5 dart slugs
  81 orcs
  3 bats
  7 endoplasms
  5 giant cockroaches
  7 goblins
  7 hobgoblins
  12 jackals
  5 quokkas
  7 ball pythons
  5 frilled lizards
  8 kobolds
  9 rats
  A plant (Shoals:1)
1491 creatures vanquished.

Vanquished Creatures (collateral kills)
  A shadow dragon (Vaults:5)
  A very ugly thing (Vaults:5)
  A yaktaur captain (Vaults:5)
  An ironbound convoker (Vaults:5)
4 creatures vanquished.

Vanquished Creatures (others)
  2 golden dragons (Vaults:5)
  A sphinx (Vaults:5)
  A tengu reaver (Vaults:5)
  A shadow dragon (Vaults:5)
  A storm dragon (Vaults:5)
  A frost giant (Vaults:5)
  A deep elf sorcerer (Vaults:5)
  3 vault wardens (Vaults:5)
  A stone giant (Vaults:5)
  A very ugly thing (Vaults:5)
  2 ironbound preservers (Vaults:5)
  A deep elf demonologist (Vaults:5)
  2 ettins (Vaults:5)
  2 yaktaur captains (Vaults:5)
  8 vault guards (Vaults:5)
  An orb spider (shapeshifter) (Vaults:5)
  An ironbound convoker (Vaults:5)
  An ugly thing (Vaults:5)
  4 vault sentinels (Vaults:5)
  A slime creature (shapeshifter) (Vaults:5)
  A bush (Lair:6)
  48 fungi
  194 plants
  5 withered plants (D:13)
284 creatures vanquished.

Grand Total: 1779 creatures vanquished

Notes
Turn   | Place    | Note
-------+----------+-------------------------------------------
     0 | D:1      | Laraso the Draconian Transmuter began the quest for the
                  | Orb.
     0 | D:1      | Reached XP level 1. HP: 16/16 MP: 3/3
   365 | D:1      | Reached XP level 2. HP: 23/23 MP: 3/5
   368 | D:1      | Learned a level 2 spell: Wereblood
   814 | D:1      | Reached skill level 4 in Unarmed Combat
  1282 | D:1      | Reached XP level 3. HP: 24/28 MP: 4/6
  1287 | D:1      | Learned a level 3 spell: Spider Form
  1720 | D:2      | Found a faded altar of an unknown god.
  2426 | D:2      | Reached XP level 4. HP: 34/35 MP: 5/7
  2548 | D:3      | Found Heemyolio's Distillery.
  2554 | D:3      | Bought a potion of haste for 130 gold pieces
  2641 | D:3      | Reached skill level 5 in Unarmed Combat
  3240 | D:4      | Reached XP level 5. HP: 40/40 MP: 4/8
  3333 | D:4      | Reached skill level 6 in Unarmed Combat
  3361 | D:4      | Found a shadowy altar of Dithmenos.
  3371 | D:4      | Found an ornate altar of the Wu Jian Council.
  3371 | D:4      | Found a glowing golden altar of the Shining One.
  3372 | D:4      | Found a stormy altar of Qazlal.
  4067 | D:5      | Entered Level 5 of the Dungeon
  4082 | D:5      | Noticed a water moccasin
  4096 | D:5      | Killed a water moccasin
  4097 | D:5      | Reached skill level 7 in Unarmed Combat
  4097 | D:5      | Reached XP level 6. HP: 20/47 MP: 6/9
  4182 | D:5      | Reached skill level 1 in Poison Magic
  4245 | D:5      | Your scales start taking on a glossy black colour.
  4245 | D:5      | Reached XP level 7. HP: 34/52 MP: 8/10
  4245 | D:5      | Gained mutation: You are resistant to electric shocks.
                  | (rElec) [Black Draconian growth]
  4957 | D:5      | Reached skill level 5 in Transmutations
  4962 | D:5      | Learned a level 4 spell: Summon Ice Beast
  5149 | D:5      | Reached XP level 8. HP: 7/62 MP: 11/11
  6060 | D:6      | Reached skill level 5 in Fighting
  6077 | D:6      | Reached skill level 5 in Dodging
  6301 | D:6      | Found a transporter.
  6316 | D:6      | Found a transporter.
  6316 | D:6      | Noticed a thrashing horror
  6332 | D:6      | Found a one-way gate to the infinite horrors of the Abyss.
  6332 | D:6      | Noticed CowFu's ghost (novice GrFi)
  6358 | D:6      | Reached skill level 1 in Ice Magic
  6360 | D:6      | Noticed a toenail golem
  6637 | D:6      | Found a staircase to the Ecumenical Temple.
  6776 | D:5      | Reached XP level 9. HP: 15/74 MP: 9/12
  7100 | Temple   | Entered the Ecumenical Temple
  7221 | Temple   | Became a worshipper of Gozag Ym Sagoz the Greedy
  8097 | D:7      | Reached skill level 8 in Unarmed Combat
  8258 | D:7      | Noticed a two-headed ogre
  8725 | D:6      | Learned a level 4 spell: Ice Form
  9215 | D:7      | Reached skill level 9 in Unarmed Combat
  9613 | D:8      | Found a blossoming altar of Fedhas.
  9660 | D:8      | Reached XP level 10. HP: 81/81 MP: 6/13
  9671 | D:8      | Reached skill level 10 in Unarmed Combat
  9871 | D:8      | You fall into a shaft and drop 3 floors!
  9948 | D:10     | Entered Level 10 of the Dungeon
 10249 | D:9      | Noticed an eight-headed hydra
 10393 | D:9      | Identified a scroll of acquirement
 10393 | D:9      | Acquired a book of Transfigurations
 10547 | D:9      | Noticed Erolcha
 10551 | D:9      | Killed Erolcha
 10552 | D:9      | Reached skill level 11 in Unarmed Combat
 10724 | D:9      | Learned a level 5 spell: Blade Hands
 10903 | D:9      | Found a staircase to the Orcish Mines.
 12051 | D:9      | Reached skill level 12 in Unarmed Combat
 12566 | D:10     | Reached XP level 11. HP: 45/86 MP: 1/14
 12901 | D:10     | Reached skill level 10 in Transmutations
 13362 | D:10     | Noticed a centaur warrior
 13382 | D:10     | Killed a centaur warrior
 13724 | D:10     | Found a staircase to the Lair.
 13818 | D:10     | Found a glowing silver altar of Zin.
 13828 | D:10     | Found a runed translucent door.
 13828 | D:10     | Noticed a cyan ugly thing
 13828 | D:10     | Noticed sizableburger's ghost (journeyman DrGl)
 14104 | Lair:1   | Entered Level 1 of the Lair of Beasts
 14339 | Lair:1   | Found a glowing golden altar of the Shining One.
 14339 | Lair:1   | Noticed an oklob plant
 14353 | Lair:1   | Noticed a seven-headed hydra
 14372 | Lair:1   | Killed a seven-headed hydra
 15373 | Lair:1   | Identified the +8 war axe of the Morning {vorpal, Str+4
                  | Stlth+}
 15650 | Lair:2   | Found a staircase to the Snake Pit.
 15810 | Lair:2   | Noticed a four-headed hydra
 15821 | Lair:2   | Killed a four-headed hydra
 16963 | Lair:3   | Found a frozen archway.
 16987 | IceCv    | Entered an ice cave
 17135 | IceCv    | Reached XP level 12. HP: 103/103 MP: 13/15
 17766 | IceCv    | Noticed a reaper
 18668 | IceCv    | Killed a reaper
 18669 | IceCv    | Reached skill level 10 in Fighting
 19711 | Lair:3   | Found a staircase to the Shoals.
 20110 | Lair:4   | Reached skill level 10 in Dodging
 20624 | Lair:4   | Learned a level 7 spell: Dragon Form
 21273 | Lair:5   | Found a dark tunnel.
 21395 | Volcano  | Entered a volcano
 21495 | Volcano  | Reached XP level 13. HP: 105/113 MP: 12/19
 21688 | Volcano  | Reached skill level 13 in Unarmed Combat
 22008 | Lair:5   | Bought a scroll of amnesia for 45 gold pieces
 22008 | Lair:5   | Bought a scroll of amnesia for 45 gold pieces
 22653 | Lair:6   | Entered Level 6 of the Lair of Beasts
 22653 | Lair:6   | Found a runed translucent gate.
 22653 | Lair:6   | Found a runed translucent gate.
 22653 | Lair:6   | Found a runed translucent gate.
 23062 | Lair:6   | Reached skill level 14 in Unarmed Combat
 23201 | Lair:6   | Noticed a minotaur
 23201 | Lair:6   | Noticed pigah's ghost (journeyman OpAE)
 24551 | Lair:6   | Gained mutation: Your large and strong wings let you fly.
                  | [Black Draconian growth]
 24551 | Lair:6   | Reached XP level 14. HP: 103/121 MP: 13/20
 25372 | Lair:6   | Acquired the amulet "Ofous" {Spirit Will+ Regen+ Stlth+}
 25962 | D:11     | Reached skill level 15 in Unarmed Combat
 26069 | D:11     | Got the Tome of the Insatiable Interlopers
 26518 | D:12     | Noticed Nergalle
 26527 | D:12     | Killed Nergalle
 26553 | D:12     | Noticed Frances
 26566 | D:12     | Killed Frances
 26568 | D:12     | Noticed Snorg
 26579 | D:12     | Killed Snorg
 26618 | D:12     | Noticed Lodul
 26651 | D:12     | Killed Lodul
 26663 | D:12     | Reached skill level 15 in Transmutations
 26751 | D:12     | Noticed Jorgrun
 26763 | D:12     | Killed Jorgrun
 26858 | D:12     | Noticed Psyche
 26863 | D:12     | Killed Psyche
 27088 | D:12     | Found an opulent altar of Gozag.
 27381 | D:12     | Bought the +3 Mad Mage's Maulers {Infuse+∞ RegenMP Int-3}
                  | for 600 gold pieces
 27381 | D:12     | Found the +3 Mad Mage's Maulers {Infuse+∞ RegenMP Int-3}
 27484 | D:13     | Found the +5 sword of Power {vorpal}
 28517 | D:13     | Reached XP level 15. HP: 130/130 MP: 11/21
 28601 | D:13     | Found a runed translucent gate.
 28601 | D:13     | Noticed Pooter's ghost (journeyman MiMo)
 28602 | D:13     | Found a runed translucent gate.
 28602 | D:13     | Noticed Darius099's ghost (journeyman GrFi)
 28603 | D:13     | Found a runed translucent gate.
 28920 | D:13     | Killed Pooter's ghost
 28923 | D:13     | Killed Darius099's ghost
 29374 | D:14     | Reached skill level 16 in Unarmed Combat
 29681 | D:14     | Identified the +7 shortbow "Odeliamewk" {venom, Contam
                  | *Slow rN+ Int+9}
 29689 | D:14     | Identified the amulet "Nege" {Spirit rElec rF++ Regen+
                  | Slay-5}
 29720 | D:14     | Gained mutation: You occasionally shout uncontrollably at
                  | your foes. [mutagenic glow]
 30067 | D:14     | Learned a level 4 spell: Petrify
 30117 | D:14     | Found Muvohet's Assorted Antiques.
 30125 | D:14     | Bought a shimmering hat for 189 gold pieces
 30125 | D:14     | Identified the +2 hat "Jatoorrah" {rC+ rN+ Will- Str+6}
                  | (You bought it in a shop on level 14 of the Dungeon)
 30209 | D:14     | Found a gate to the Vaults.
 30507 | D:15     | Entered Level 15 of the Dungeon
 30521 | D:15     | Reached skill level 1 in Earth Magic
 30588 | D:15     | Noticed Azrael
 30591 | D:15     | Killed Azrael
 30618 | D:15     | Found a staircase to the Depths.
 30893 | D:15     | Reached skill level 17 in Unarmed Combat
 31702 | Orc:1    | Entered Level 1 of the Orcish Mines
 31722 | Orc:1    | Reached XP level 16. HP: 139/139 MP: 13/22
 31915 | Orc:1    | Noticed Sonja
 31920 | Orc:1    | Killed Sonja
 32127 | Orc:2    | Entered Level 2 of the Orcish Mines
 32127 | Orc:2    | Found Tosuorph's Antique Armour Shoppe.
 32518 | Orc:2    | Bought a pair of glowing boots for 187 gold pieces
 32697 | Orc:2    | Found Cateus's Jewellery Boutique.
 32745 | Orc:2    | Found Colaseas's Antique Weapon Emporium.
 32747 | Orc:2    | Noticed Rupert
 32773 | Orc:2    | Killed Rupert
 32827 | Orc:2    | Found Meepezituodd's Weapon Emporium.
 32833 | Orc:2    | Found Poqikhli's General Store.
 32892 | Orc:2    | Bought a potion of haste for 140 gold pieces
 32892 | Orc:2    | Bought a potion of magic for 112 gold pieces
 33133 | Orc:2    | Found a staircase to the Elven Halls.
 33665 | Snake:1  | Entered Level 1 of the Snake Pit
 33825 | Snake:1  | Noticed Asterion
 33832 | Snake:1  | Killed Asterion
 34695 | Snake:1  | Found Yhuxzoat's Jewellery Emporium.
 34695 | Snake:1  | Found Lawomuza's Book Shop.
 34698 | Snake:1  | Found Feusue's Jewellery Emporium.
 35032 | Snake:2  | Found Hopref's Magic Scroll Shop.
 35032 | Snake:2  | Found Beowk's Book Boutique.
 35041 | Snake:2  | Found Ifyblod's General Store.
 35049 | Snake:2  | Found Vemaam's Assorted Antiques.
 35055 | Snake:2  | Bought a scroll of noise for 10 gold pieces
 35059 | Snake:2  | Bought a green potion for 35 gold pieces
 35820 | Snake:3  | Noticed Aizul
 35826 | Snake:3  | Killed Aizul
 36066 | Snake:3  | Reached skill level 15 in Fighting
 36068 | Snake:3  | Reached XP level 17. HP: 156/156 MP: 12/23
 36273 | Snake:3  | Found Apollo's Dragon-Slaying Spoils.
 36883 | Snake:4  | Entered Level 4 of the Snake Pit
 37009 | Snake:4  | Noticed Saint Roka
 37061 | Snake:3  | Killed Saint Roka
 37236 | Snake:4  | Reached skill level 15 in Dodging
 37258 | Snake:4  | Reached skill level 5 in Spellcasting
 37352 | Snake:4  | Learned a level 2 spell: Blink
 37860 | Snake:4  | Reached skill level 1 in Translocations
 37909 | Snake:4  | Got a serpentine rune of Zot
 38201 | Shoals:1 | Entered Level 1 of the Shoals
 39398 | Shoals:2 | Reached XP level 18. HP: 163/163 MP: 18/28
 39488 | Shoals:2 | Reached skill level 18 in Unarmed Combat
 39505 | Shoals:2 | Learned a level 7 spell: Storm Form
 39600 | Shoals:2 | Reached skill level 1 in Air Magic
 40300 | Shoals:3 | Found a transporter.
 40302 | Shoals:3 | Found a transporter.
 40411 | Shoals:3 | Reached skill level 5 in Air Magic
 40984 | Shoals:3 | Noticed Ilsuiw
 41153 | Shoals:3 | Killed Ilsuiw
 41229 | Shoals:3 | Noticed Gal Jyir's ghost (veteran DjCj)
 41232 | Shoals:3 | Found the +9 staff of Olgreb {rPois∞}
 41713 | Shoals:4 | Entered Level 4 of the Shoals
 41805 | Shoals:4 | Reached skill level 10 in Air Magic
 42264 | Shoals:4 | Identified the +9 great mace "Uddiuxopn" {drain, *Noise
                  | rPois rC+ Stlth+}
 42338 | Shoals:4 | Found a stormy altar of Qazlal.
 42816 | Shoals:4 | Got a barnacled rune of Zot
 43667 | Vaults:1 | Entered Level 1 of the Vaults
 43758 | Vaults:1 | Reached XP level 19. HP: 170/170 MP: 17/29
 43883 | Vaults:1 | Found Cozoul's Armour Shoppe.
 44250 | Vaults:1 | Found a transporter.
 44252 | Vaults:1 | Found a shimmering blue altar of Sif Muna.
 45224 | Vaults:1 | Bought a +1 pair of boots of rampaging for 231 gold pieces
 46010 | Vaults:2 | Identified the +7 falchion of Turchul {distort, Str+7}
 46185 | Vaults:2 | HP: 9/268 [vault warden/+0 war axe (19)]
 46546 | Vaults:2 | Reached skill level 19 in Unarmed Combat
 46868 | Vaults:2 | Found a staircase to the Crypt.
 46894 | Vaults:2 | Reached XP level 20. HP: 187/187 MP: 30/30
 47933 | Vaults:3 | Reached skill level 20 in Unarmed Combat
 48239 | Vaults:3 | Reached skill level 15 in Air Magic
 50669 | Vaults:4 | Found Jodu's Weapon Shoppe.
 51059 | Vaults:5 | Entered Level 5 of the Vaults
 51111 | Vaults:5 | Found the +10 dark maul {vorpal}
 51129 | Vaults:5 | Identified the +0 pair of boots of the Fife {rF+ Dex+3}
 51170 | Vaults:5 | Identified the +4 great mace of Byleti {venom, rN+ Dex+2}
 51604 | Vaults:5 | Reached XP level 21. HP: 194/194 MP: 26/32
 51619 | Vaults:5 | Identified the +6 war axe "Peuqer" {chaos, Str+3 Dex+4}
 51619 | Vaults:5 | Identified the ring of the Devouring Gods {rPois rCorr
                  | Stlth+}
 51621 | Vaults:5 | Identified the +6 falchion "Tounut" {drain, Will- Int+3
                  | Dex+4}
 51629 | Vaults:5 | Identified the +6 arbalest of Wyrd {flame, rPois Str+5}
 51637 | Vaults:5 | Killed a golden dragon
 51640 | Vaults:5 | Identified the ring "Misoin" {Str+6 Int+5}
 51640 | Vaults:5 | Noticed a dread lich
 51654 | Vaults:5 | Killed a dread lich
 51658 | Vaults:5 | Killed a golden dragon
 51665 | Vaults:5 | Got the Handbook of Floating Arcane Weapons
 51679 | Vaults:5 | Identified the +1 leather armour of the Elven Halls {Dex+3}
 51691 | Vaults:5 | Got the Reference Book on the Flying Escort
 51720 | Vaults:5 | Learned a level 3 spell: Ozocubu's Armour
 52225 | Vaults:5 | Noticed a golden dragon
 52232 | Vaults:5 | Killed a golden dragon
 52233 | Vaults:5 | Reached skill level 5 in Ice Magic
 52505 | Vaults:5 | Identified the +2 scale mail of the Ego {rF- rC+ Str+6
                  | Dex+3}
 52843 | Vaults:5 | Got a silver rune of Zot
 52844 | Vaults:5 | Identified the +6 spear of Cataclysm {flame, rN+}
 53113 | Depths:1 | Entered Level 1 of the Depths
 53848 | Depths:1 | Found a runed translucent door.
 53873 | Depths:1 | Identified the +10 hand axe "Wotrak Hayth" {vorpal, Int+5}
 53889 | Depths:1 | Found a runed translucent door.
 53889 | Depths:1 | Noticed a dread lich
 54117 | Depths:1 | Found a hide-covered altar of Uskayaw.
 54522 | Depths:1 | Acquired the ring "Liazi" {rF+ rN+ Str-3 Dex+3 Slay+3}
 54677 | Depths:1 | Found a gateway to Hell.
 54837 | Depths:1 | Identified the ring of the Teaching Hero {Wiz Fly rC+}
 54991 | Depths:2 | Found a magical portal.
 55226 | Depths:2 | Slain by an iron giant

Illustrated notes

Levels and vault maps discovered:
D:1:      lemuel_arrival_funnel, layout_basic
D:2:      cheibrodos_old_hovel, layout_basic,
          chequers_ecumenical_altar_simple_redux
D:3:      layout_basic, serial_shops, shop
D:4:      layout_loops_cross, chequers_temple_overflow_statue_of_worship
D:5:      layout_rooms
D:6:      layout_rooms, minmay_temple_entry_poolview,
          gammafunk_ghost_abyssal_escape, minmay_quadrilaterals
D:7:      layout_gridville, chei_slow_surprise, hangedman_decor_push
D:8:      layout_cave_pools, nicolae_overflow_hidden_temple
D:9:      nicolae_cairo_tiling, layout_loops_ring,
          kennysheep_orc_monster_closet_entryway, hangedman_tell_no_tales,
          uniq_erolcha
D:10:     layout_irregular_city, kennysheep_mini, minmay_lair_entry_grove,
          ebering_ghost_inner_flame, lightli_fourway_metalbox
D:11:     layout_loops_ring
D:12:     layout_long_grid, nicolae_gozag_seed_capital, uniq_lodul,
          uniq_jorgrun, uniq_frances, uniq_snorg, uniq_psyche, uniq_nergalle
D:13:     minmay_guarded_unrand_sword_of_power, layout_loops_corners,
          gammafunk_ghost_cemetery, minmay_misc_feat_hallway
D:14:     minmay_the_grid_net [minmay_the_grid_minigrid_large,
          minmay_the_grid_doors, minmay_the_grid_box_x,
          minmay_the_grid_aliased_spiral, minmay_the_grid_dragon_a,
          minmay_the_grid_prize_trominoes], layout_irregular_city, serial_shops,
          shop, grunt_decor_resistance, st_stairs_6
D:15:     hangedman_depths_entry_civil_slaughter, layout_loops_ring,
          serial_park_avenue1, uniq_azrael
Temple:   regret_index_temple_waves
Lair:1:   layout_misc_corridors, lemuel_oklob_altar
Lair:2:   layout_roguey, minmay_snake_entry_guardpost_small
Lair:3:   layout_loops_ring, elwin_shoals_entry_rocks,
          portal_ice_cave_demonic_guard, beast_lair_carwin_10
Lair:4:   layout_regular_city
Lair:5:   layout_cave_shapes, nicolae_volcano_entry_batcave,
          serial_bayou_shore_b
Lair:6:   minmay_lair_end_frog_pond, layout_concentric_octagons,
          minmay_slime_entry_oklob_enclosed, maelrawn_ghost_gauntlet_escape
Shoals:1: layout_shoals, nicolae_shoals_nautilus_by_nature
Shoals:2: layout_shoals, nicolae_shoals_this_corrosion
Shoals:3: layout_shoals, ebering_ghost_davey_jones, uniq_ilsuiw
Shoals:4: shoals_end_grunt_ice, layout_shoals, lemuel_centaur_altar
Snake:1:  layout_onion_interference, minmay_shop_grove, grunt_megastairs_5,
          serial_bayou_shore_a, uniq_asterion
Snake:2:  layout_onion_interference, minmay_shoptagon
Snake:3:  layout_rooms, serial_corexii_hall, corexii_hall_statues_u,
          chequers_hall_statues_wall_a, nicolae_shop_dragon_depot, drop_trap,
          st_stairs_13, uniq_aizul
Snake:4:  grunt_snake_rune_pools, layout_cave_town, uniq_saint_roka
Orc:1:    layout_diamond_mine, uniq_sonja
Orc:2:    grunt_orc_gardens, layout_diamond_mine, grunt_orc_garden,
          grunt_orc_garden, grunt_orc_garden, grunt_orc_garden, serial_shops,
          shop, uniq_rupert
Vaults:1: gammafunk_sealed_library, nicolae_vaults_angled_halls,
          hangedman_vaults_locks, nicolae_vaults_network_quincunx
          [nicolae_vaults_network_quincunx_subvault,
          nicolae_vaults_network_quincunx_subvault,
          nicolae_vaults_network_quincunx_subvault,
          nicolae_vaults_network_quincunx_subvault,
          nicolae_vaults_network_quincunx_subvault],
          vaults_standard_mumra_enter_the_diamond, ontoclasm_vaults_ring_small,
          nicolae_vaults_ring_of_whatevers, hangedman_vaults_snaps,
          nicolae_vaults_little_squares_3, nicolae_vaults_sealed_display,
          ontoclasm_vaults_chip, ontoclasm_vaults_pinch, layout_vaults_omnibox,
          serial_shops, shop
Vaults:2: blue_anna_dwarven_crypt, ontoclasm_vaults_ring_large,
          nicolae_vaults_little_squares_6, nicolae_vaults_mini_display_case,
          ontoclasm_vaults_ring_small, ontoclasm_vaults_fault,
          hangedman_vaults_capsules, ontoclasm_vaults_loading_screen,
          vaults_mumra_hexcomb, nicolae_vaults_arrows, nicolae_vaults_rhombus_7,
          grunt_vaults_twisty, hangedman_vaults_slice, layout_vaults_omnicross
Vaults:3: v_alt_pattern_1, vaults_mumra_lcd, v_misc_5, vaults_mumra_minichess,
          vaults_room_corners, vaults_room_pools,
          nicolae_vaults_little_squares_4, nicolae_vaults_three_branches,
          ontoclasm_vaults_gateway, layout_vaults_big_room
Vaults:4: nicolae_vaults_angled_halls, v_misc_16, st_spiral_rooms,
          ontoclasm_vaults_tryst, grunt_vaults_bifocal,
          nicolae_vaults_network_barrier, grunt_vaults_swirl,
          ontoclasm_vaults_twist, vaults_room_stairs_pillars,
          layout_vaults_omnigrid, serial_shops,
          nicolae_shop_bloodbath_and_beyond
Vaults:5
Depths:1: cheibrodos_witchhunters_guild, layout_cave_pools,
          grunt_hell_entry_dis_mu, nicolae_uskayaw_murder_on_the_dancefloor,
          kennysheep_random_hallway
Depths:2: dreamdust_hydra_shepherd, layout_gridlike, enter_ziggurat_d,
          rand_demon_pan_entry_4, serial_sigils_hangedman_clutch,
          infiniplex_enter_wizlab_water, hell_entry, abyss_entry_flame_altar,
          infiniplex_staircase_pillars_1, uniq_nikola

Skill      XL: |  1  2  3  4  5  6  7  8  9 10 11 12 13 14 15 16 17 18 19 20 21 |
---------------+----------------------------------------------------------------+-----
Unarmed Combat | 4 5 7 9 12 14 15 17 18 19 20 | 20.0
Poison Magic   | 2 3 |  3.0
Transmutations | 3 5 7 9 10 13 15 17 | 17.0
Dodging        | 2 5 7 10 12 15 16 17 | 17.8
Fighting       | 2 5 8 10 11 12 15 18 | 18.0
Ice Magic      | 2 4 8 |  8.0
Spellcasting   | 4 7 8 |  8.0
Earth Magic    | 4 |  4.0
Translocations | 2 3 |  3.0
Air Magic      | 13 14 17 | 17.0

Action                   |  1- 3 |  4- 6 |  7- 9 | 10-12 | 13-15 | 16-18 | 19-21 || total
-------------------------+-------+-------+-------+-------+-------+-------+-------++-------
Melee: Unarmed           |   131 |   114 |   327 |   517 |   686 |   980 |   874 ||  3629
       Punch             |     5 |     4 |    10 |    15 |    66 |    98 |   157 ||   355
       Kick              |    17 |    21 |    21 |       |       |       |       ||    59
       Headbutt          |     9 |     9 |    17 |       |       |       |       ||    35
       Tailslap          |    10 |    11 |    33 |    19 |    89 |   156 |   152 ||   470
       Bite              |       |       |       |       |    41 |   105 |   109 ||   255
 Cast: Beastly Appendage |    36 |    22 |    13 |     1 |       |       |       ||    72
       Wereblood         |     1 |     6 |    16 |    32 |    36 |    54 |    37 ||   182
       Spider Form       |       |     1 |    13 |     4 |       |       |       ||    18
       Ice Form          |       |       |     5 |    37 |    12 |       |       ||    54
       Summon Ice Beast  |       |       |     1 |       |       |       |       ||     1
       Blade Hands       |       |       |       |    18 |    16 |     4 |       ||    38
       Dragon Form       |       |       |       |       |    37 |    71 |    58 ||   166
       Blink             |       |       |       |       |       |     9 |       ||     9
       Petrify           |       |       |       |       |       |     7 |       ||     7
       Storm Form        |       |       |       |       |       |     4 |    17 ||    21
       Ozocubu's Armour  |       |       |       |       |       |       |    13 ||    13
Invok: Call Merchant     |       |       |       |       |     3 |     1 |     1 ||     5
       Potion Petition   |       |       |       |       |       |       |     4 ||     4
       Bribe Branch      |       |       |       |       |       |       |     1 ||     1
 Abil: Breathe Lightning |       |       |     6 |    26 |     2 |     5 |     2 ||    41
       End Transformatio |       |       |     1 |     8 |     4 |     2 |     1 ||    16
       Blinkbolt         |       |       |       |       |       |     2 |    18 ||    20
Evoke: Wand              |       |       |       |     7 |       |     3 |       ||    10
  Use: Scroll            |     3 |     3 |     9 |    13 |     3 |     6 |     9 ||    46
       Potion            |       |     3 |     6 |     2 |     3 |     1 |     3 ||    18
 Stab: Distracted        |     1 |       |       |     2 |     2 |    17 |     9 ||    31
       Sleeping          |       |       |       |       |       |     3 |     1 ||     4
       Paralysed         |       |       |       |       |       |     1 |       ||     1
       Petrified         |       |       |       |       |       |     7 |       ||     7
       Petrifying        |       |       |       |       |       |     1 |       ||     1
Armor: Skin              |    39 |    30 |   104 |   156 |   258 |   490 |   324 ||  1401
Dodge: Dodged            |    76 |    58 |   237 |   303 |   337 |   574 |   529 ||  2114

Table legend: (Time is in decaauts)
 A = Elapsed time spent in this place.
 B = Non-inter-level travel time spent in this place.
 C = Inter-level travel time spent in this place.
 D = Time resting spent in this place.
 E = Time spent auto-exploring this place.
 F = Levels seen in this place.
 G = Mean time per level.
                   A        B        C        D        E       F      G
               +--------+--------+--------+--------+--------+-----+--------+
         Total |  54261 |  51849 |   2412 |  10123 |  28575 |  41 | 1323.4 |
       Dungeon |  20350 |  19350 |   1000 |   5081 |  10283 |  15 | 1356.7 |
        Temple |    168 |    103 |     65 |      0 |     88 |   1 |  168.0 |
          Lair |   8869 |   8432 |    437 |   1866 |   5086 |   6 | 1478.2 |
        Shoals |   5179 |   4952 |    227 |    720 |   2240 |   4 | 1294.8 |
     Snake Pit |   4401 |   4202 |    199 |    215 |   2702 |   4 | 1100.2 |
  Orcish Mines |   1568 |   1455 |    113 |     45 |    810 |   2 |  784.0 |
        Vaults |   9137 |   8804 |    333 |    480 |   6195 |   5 | 1827.4 |
        Depths |   1742 |   1706 |     36 |    126 |   1159 |   2 |  871.0 |
      Ice Cave |   2364 |   2364 |      0 |   1446 |     12 |   1 | 2364.0 |
       Volcano |    478 |    478 |      0 |    143 |      0 |   1 |  478.0 |
               +--------+--------+--------+--------+--------+-----+--------+

Top non-repeatable levels by time:
  Lair:6: 2610 daAuts
   IceCv: 2364 daAuts
Vaults:2: 2349 daAuts
     D:9: 2033 daAuts
Vaults:4: 1904 daAuts
Vaults:5: 1861 daAuts
    D:10: 1807 daAuts
Vaults:1: 1695 daAuts
     D:6: 1632 daAuts
     D:5: 1605 daAuts
  Lair:1: 1594 daAuts
Shoals:4: 1564 daAuts
    D:13: 1540 daAuts
     D:1: 1534 daAuts
     D:7: 1489 daAuts
